AoeStats
← CazadorGT

Arena

506740052Analyzed
4v4 RM · 18d ago on Sep 14, 2026· 47m 16s· 8 players
Game mode
Random Map
Map size
Large (8 player)
Population
200
Speed
Normal
Resources
Standard
Victory
Conquest
Starting age
Dark Age
Ending age
Imperial Age
RankedLock teamsTeams togetherTeam positionsShared explorationLock speedFull tech treeHidden civsTurbo modeCheats
Victory
Defeat
🇨🇴 Mongols · Colombia
1050
+13
🇨🇴 Turks · Colombia
1040
+13
🇨🇴 Poles · Colombia
1002
+14
🇨🇴 Hindustanis · Colombia
920
+18
🇬🇹 Bengalis · Guatemala
1091
-19
🇺🇸 Lithuanians · United States
1005
-16
🇨🇦 Slavs · Canada
984
-15
🇦🇷 Franks · Argentina
799
-8
TOE KNEE SAI
0:36 Loom
12:11 Feudal Age
18:02 Castle Age
16:34 Double-Bit Axe
16:36 Horse Collar
17:48 Man-at-Arms
18:56 Stone Mining
19:22 Heavy Plow
21:14 Bow Saw
21:46 Padded Archer Armor
24:17 Wheelbarrow
23:40 Gold Mining
24:55 Pikeman
25:41 Scale Mail Armor
30:24 Long Swordsman
35:27 Chain Mail Armor
35:23 Forging
43:08 Iron Casting
44:04 Hand Cart
45:34 Fletching
46:00 Leather Archer Armor
shadynou25
9:17 Loom
11:03 Feudal Age
12:55 Double-Bit Axe
12:51 Horse Collar
16:58 Castle Age
16:34 Bloodlines
17:24 Scale Barding Armor
20:16 Wheelbarrow
21:59 Fervor
24:33 Hand Cart
24:46 Sanctity
24:38 Treadmill Crane
26:40 Husbandry
29:12 Forging
29:03 Elite Skirmisher
30:36 Masonry
30:48 Caravan
31:03 Town Watch
32:50 Chain Barding Armor
33:06 Iron Casting
34:12 Light Cavalry
37:37 Imperial Age
36:39 Ballistics
36:26 Thumb Ring
36:19 Fletching
36:33 Padded Archer Armor
37:17 Bodkin Arrow
38:11 Elite Leitis
39:03 Cavalier
40:24 Bow Saw
40:23 Heavy Plow
41:07 Conscription
42:37 Plate Barding Armor
43:27 Tower Shields
42:49 Pikeman
43:29 Squires
43:32 Scale Mail Armor
43:21 Halberdier
46:11 Chain Mail Armor
45:58 Bracer
CazadorGT
11:28 Feudal Age
15:22 Castle Age
13:34 Double-Bit Axe
15:34 Loom
16:00 Gold Mining
20:34 Fervor
20:20 Horse Collar
21:18 Town Watch
21:57 Redemption
22:44 Sanctity
26:33 Heavy Plow
32:26 Wheelbarrow
37:57 Imperial Age
COSTAMDP
2:21 Loom
10:54 Feudal Age
17:09 Castle Age
19:23 Double-Bit Axe
20:51 Forging
24:48 Bow Saw
31:57 Imperial Age
32:40 Husbandry
32:14 Cavalier
35:06 Onager
37:44 Paladin
40:35 Chemistry
40:54 Ballistics
risaca_6
11:23 Feudal Age
15:33 Castle Age
13:17 Horse Collar
14:43 Double-Bit Axe
16:42 Heavy Plow
22:32 Stone Mining
22:35 Gold Mining
23:00 Bow Saw
24:47 Stone Shaft Mining
27:09 Szlachta Privileges
30:15 Imperial Age
27:31 Loom
27:32 Town Watch
28:14 Scale Barding Armor
28:51 Forging
29:35 Bloodlines
29:26 Husbandry
30:22 Cavalier
31:26 Conscription
31:31 Chain Barding Armor
31:47 Iron Casting
34:05 Crop Rotation
34:28 Wheelbarrow
35:06 Town Patrol
36:19 Blast Furnace
38:19 Chemistry
alejobr0790
0:26 Loom
12:40 Feudal Age
16:38 Castle Age
15:22 Double-Bit Axe
15:39 Gold Mining
16:14 Horse Collar
25:35 Imperial Age
23:23 Bow Saw
25:05 Heavy Plow
28:16 Padded Archer Armor
35:09 Wheelbarrow
38:13 Hand Cart
41:16 Two-Man Saw
42:10 Leather Archer Armor
41:46 Fletching
42:06 Forging
41:57 Scale Mail Armor
46:32 Bodkin Arrow
47:14 Iron Casting
46:55 Chain Mail Armor
47:10 Ring Archer Armor
46:46 Scale Barding Armor
divineslain
11:33 Feudal Age
17:05 Castle Age
15:06 Double-Bit Axe
22:20 Bow Saw
36:16 Imperial Age
40:14 Gold Mining
44:39 Gold Shaft Mining
43:47 Heavy Camel Rider
44:38 Bloodlines
44:28 Husbandry
45:46 Two-Man Saw
45:04 Horse Collar
Cardenalion
11:15 Feudal Age
14:51 Castle Age
12:43 Horse Collar
15:46 Loom
20:21 Fletching
27:42 Imperial Age
28:02 Ballistics
27:59 Bodkin Arrow
28:19 Padded Archer Armor
30:25 Fortified Wall
31:18 Chemistry
31:48 Bracer
32:35 Parthian Tactics
33:17 Double-Bit Axe
35:06 Bow Saw
35:42 Leather Archer Armor
38:07 Thumb Ring
40:54 Wheelbarrow
40:04 Town Watch
40:51 Onager
44:41 Husbandry
44:57 Bloodlines
45:48 Gold Mining
46:10 Heavy Cavalry Archer
Connection lost

Rejoining the realm…

Still unreachable

The connection could not be restored.

Session expired

The server has moved on; the page needs a fresh start.